 Dungeon Crawl Stone Soup version 0.24-a0-813-g0f74319 (webtiles) character file.

Game seed: 18235167200679599931, levelgen mode: deterministic

676 KarmaPolice the Sneak (level 7, -1/35 HPs)
             Began as a Vine Stalker Transmuter on Oct 12, 2019.
             Slain by Duvessa
             ... wielding a +0 short sword
              (13 damage)
             ... on level 5 of the Dungeon.
             The game lasted 00:13:29 (4314 turns).

KarmaPolice the Sneak (Vine Stalker Transmuter)     Turns: 4314, Time: 00:13:29

Health: -1/35      AC:  3    Str: 14    XL:     7   Next: 60%
Magic:  0/11       EV: 12    Int: 13    God:
Gold:   152        SH:  0    Dex: 15    Spells: 4/10 levels left

rFire    . . .     SeeInvis .     - Unarmed
rCold    . . .     Gourm    .   (no shield)
rNeg     . . .     Faith    .   b - +0 robe
rPois    .         Spirit   +   (no helmet)
rElec    .         Reflect  .   w - +0 cloak
rCorr    .         Harm     .   (no gloves)
MR       .....                  (no boots)
Stlth    +++.......             (no amulet)
HPRegen  0.51/turn              (no ring)
MPRegen  0.12/turn              (no ring)

@: no status effects
A: fangs 2, regeneration 1, magic shield, antimagic bite, no potion heal 3, rot
immunity
a: no special abilities


You were on level 5 of the Dungeon.
You were not hungry.

You visited 1 branch of the dungeon, and saw 5 of its levels.

You collected 191 gold pieces.
You spent 39 gold pieces at shops.

Inventory:

Missiles
 a - 72 arrows
 c - 17 poisoned darts (quivered)
 i - 3 silver javelins
 C - 8 datura-tipped darts
Armour
 b - a +0 robe (worn)
 q - a +0 pair of gloves
 w - a +0 cloak (worn)
Jewellery
 g - an uncursed ring of protection from cold
 u - an uncursed ring of protection from cold
 v - a +3 ring of strength {unknown}
 G - an uncursed ring of flight {unknown}
Wands
 y - a wand of paralysis (2)
Scrolls
 e - 4 scrolls of identify
 m - 2 scrolls of remove curse
 n - a scroll of immolation {unknown}
 p - a scroll of blinking {unknown}
 r - a scroll of enchant armour {unknown}
 t - a scroll of teleportation {unknown}
Potions
 f - 4 potions of curing {unknown}
 j - a potion of lignification {unknown}
 l - 3 potions of flight
 o - 3 potions of cancellation {unknown}
 s - 3 potions of mutation {unknown}
 x - 2 potions of degeneration {unknown}
 z - 2 potions of agility {unknown}
 A - a potion of brilliance {unknown}
 B - a potion of haste {unknown}
 E - a potion of resistance {unknown}
 F - a potion of heal wounds {unknown}
Comestibles
 d - 8 rations


   Skills:
 - Level 2.1 Fighting
 + Level 2.8 Throwing
 - Level 1.5 Dodging
 - Level 5.0 Stealth
 + Level 4.9 Unarmed Combat
 - Level 2.1 Spellcasting
 + Level 4.3 Transmutations
 + Level 0.0 Evocations


You had 4 spell levels left.
You knew the following spells:

 Your Spells              Type           Power        Failure   Level  Hunger
a - Beastly Appendage     Tmut           ##....       4%          1    ##.....
b - Blade Hands           Tmut           ##........   75%         5    ######.

Your spell library contained the following spells:

 Spells                   Type           Power        Failure   Level  Hunger
 Sticks to Snakes         Tmut           ##......     6%          2    ###....
 Spider Form              Tmut/Pois      #.........   30%         3    ####...
 Ice Form                 Ice/Tmut       #.......     71%         4    #####..


Dungeon Overview and Level Annotations

Branches:
Dungeon (5/15)
 Temple: D:4-7

Altars:
Ashenzari
Dithmenos
Elyvilon
Fedhas
Qazlal
Ru
Vehumet
Zin
The Shining One

Shops:
D:4 !   D:5 [

Annotations:
D:5 Duvessa


Innate Abilities, Weirdness & Mutations

You have extremely sharp teeth.
Your natural rate of healing is unusually fast.
When hurt, damage is shared between your health and your magic reserves.
Your bite disrupts and absorbs the magic of your enemies.
Potions cannot restore your health.
You are immune to rotting.


Message History

Aiming: Paralyse
Press: ? - help, Shift-Dir - straight line, f/p - Duvessa
Aim: Duvessa, wielding a +0 short sword and wearing a +0 leather armour (berserk, fast, unusually strong, chance to defeat MR: 28%) Duvessa easily resists.
Duvessa barely misses you. Duvessa hits you with a +0 short sword!
* * * LOW HITPOINT WARNING * * *
As you read the scroll labeled WEVUMA ZIUSARE, it crumbles to dust.
It is a scroll of identify.
m - 2 scrolls of remove curse Duvessa closely misses you. x2
As you read the scroll labeled BAOWUBYRH XURAL, it crumbles to dust.
It is a scroll of amnesia.
Really abort (and waste the scroll)?
Okay, then.
Duvessa barely misses you.
As you read the scroll labeled GUHITH BUPRO, it crumbles to dust.
It is a scroll of enchant weapon.
You aren't carrying any weapons that can be enchanted.
Duvessa hits you with a +0 short sword!
You die...

#........#............#
####.#####.###.#.######
.....# #.#...#.#
####### #.#.###.#
......# #.#.# #.#
#####.# #.#.# #.# #.#
#e#.# #.# # #.####.#)#
#.# # #........# #@# #
#........# #e# #
#........# #.# +
......e....# #.# #
####...........# #
#####+#######
##########.#
##.).......#
##.#########


You could see Duvessa (berserk).

Vanquished Creatures
  A phantom (D:5)
  2 scorpions
  A howler monkey (D:5)
  2 crimson imps (D:5)
  A centaur zombie (D:5)
  3 hounds
  A bullfrog skeleton (D:5)
  2 worker ants
  A hound zombie (D:2)
  A worker ant zombie (D:3)
  2 adders (D:2)
  A howler monkey skeleton (D:4)
  A shadow imp (D:5)
  2 oozes
  An adder zombie (D:5)
  2 worms
  A dart slug (D:3)
  5 leopard geckos
  12 orcs
  6 bats
  6 giant cockroaches
  3 goblins
  2 hobgoblins (D:3)
  6 jackals
  2 quokkas (D:2)
  A frilled lizard (D:1)
  5 kobolds
  5 rats
78 creatures vanquished.

Vanquished Creatures (collateral kills)
  Dowan (D:5)
1 creature vanquished.

Grand Total: 79 creatures vanquished

Notes
Turn   | Place    | Note
-------+----------+-------------------------------------------
     0 | D:1      | KarmaPolice the Vine Stalker Transmuter began the quest for
                  | the Orb.
     0 | D:1      | Reached XP level 1. HP: 9/9 MP: 4/4
   173 | D:1      | Reached skill level 1 in Fighting
   217 | D:1      | Reached XP level 2. HP: 10/14 MP: 3/6
   241 | D:1      | Reached skill level 1 in Stealth
   766 | D:1      | Reached XP level 3. HP: 14/18 MP: 7/7
  1126 | D:2      | Found a blossoming altar of Fedhas.
  1154 | D:2      | Found a stormy altar of Qazlal.
  1402 | D:2      | Reached skill level 2 in Stealth
  1658 | D:2      | Found a radiant altar of Vehumet.
  1677 | D:2      | Gained mutation: Your natural rate of healing is unusually
                  | fast. [Vine Stalker growth]
  1677 | D:2      | Reached XP level 4. HP: 13/23 MP: 3/8
  1828 | D:2      | Found a shattered altar of Ashenzari.
  2386 | D:3      | Found a white marble altar of Elyvilon.
  2483 | D:3      | Found a glowing golden altar of the Shining One.
  2504 | D:3      | Reached XP level 5. HP: 26/26 MP: 9/9
  2632 | D:3      | Noticed an ogre
  2920 | D:4      | Found a sacrificial altar of Ru.
  2954 | D:4      | Found a glowing silver altar of Zin.
  2954 | D:4      | Found a shadowy altar of Dithmenos.
  2973 | D:4      | Reached skill level 1 in Throwing
  2973 | D:4      | Reached skill level 3 in Stealth
  3368 | D:4      | Reached XP level 6. HP: 22/30 MP: 5/10
  3521 | D:4      | Found Geurr's Distillery.
  3527 | D:4      | Bought a potion of flight for 39 gold pieces
  3729 | D:5      | Entered Level 5 of the Dungeon
  3736 | D:5      | Learned a level 5 spell: Blade Hands
  3811 | D:5      | Reached skill level 4 in Stealth
  3851 | D:5      | Noticed a phantom
  3874 | D:5      | Killed a phantom
  3874 | D:5      | Reached XP level 7. HP: 23/35 MP: 9/11
  3916 | D:5      | Noticed Dowan
  4017 | D:5      | Found Cat Tejyese's Antique Armour Shop.
  4145 | D:5      | Noticed Duvessa
  4152 | D:5      | Killed Dowan
  4256 | D:5      | Reached skill level 5 in Stealth
  4314 | D:5      | Slain by Duvessa

Levels and vault maps discovered:
D:1:      dpeg_arrival_circle_labyrinth_c, layout_basic
D:2:      layout_basic, grunt_temple_overflow_forces_of_nature,
          vehumet_crystals, nicolae_ashenzari_panopticon, first_ration,
          kennysheep_path_1
D:3:      layout_loops_ring, old_standard_altar, lemuel_coloured_pillars_altar,
          kennysheep_cross_bottleneck
D:4:      layout_gridville, nicolae_overflow_crystal_walls,
          grunt_temple_overflow_open, serial_shops, nicolae_shop_trees
D:5:      cheibrodos_iron_armory, layout_basic, serial_shops, shop,
          nicolae_shop_crystal, minmay_misc_feat_square,
          minmay_shop_grid_forest, uniq_duvessa

Skill      XL: |  1  2  3  4  5  6  7 |
---------------+----------------------+-----
Fighting       | 1 2 |  2.1
Stealth        | 1 2 3 4 5 |  5.0
Throwing       | 1 2 |  2.8
Transmutations | 3 4 |  4.3
Unarmed Combat | 4 |  4.9
Dodging        | |  1.5
Spellcasting   | |  2.1

Action                   |  1- 3 |  4- 6 |  7- 9 || total
-------------------------+-------+-------+-------++-------
Melee: Unarmed           |   102 |   189 |    31 ||   322
       Bite              |    19 |    50 |    10 ||    79
       Punch             |     3 |     2 |       ||     5
       Kick              |     2 |    12 |     2 ||    16
       Headbutt          |     1 |     3 |     1 ||     5
Throw: Dart              |       |    16 |     2 ||    18
 Cast: Beastly Appendage |     3 |    10 |     5 ||    18
Evoke: Wand              |       |       |     5 ||     5
  Use: Scroll            |       |       |     3 ||     3
 Stab: Sleeping          |     1 |     7 |     1 ||     9
       Distracted        |       |     1 |       ||     1
  Eat: Chunk             |     2 |     8 |     1 ||    11
Armor: Robe              |    26 |    33 |     1 ||    60
Dodge: Dodged            |    81 |   110 |    21 ||   212

Table legend:
 A = Non-vault XP
 B = Vault XP
 C = Vault XP percentage of total XP
 D = Non-vault monster count
 E = Vault monster count
 F = Vault count percentage of total count
                 A         B        C        D         E       F
            +---------+---------+-------+---------+---------+-------
      Total |     931 |      36 |   3.7 |      78 |       1 |   1.3
            +---------+---------+-------+---------+---------+-------
        D:1 |      34 |       0 |   0.0 |      16 |       0 |   0.0
        D:2 |      72 |       0 |   0.0 |      15 |       0 |   0.0
        D:3 |      61 |       0 |   0.0 |      19 |       0 |   0.0
        D:4 |     225 |       0 |   0.0 |      13 |       0 |   0.0
        D:5 |     539 |      36 |   6.3 |      15 |       1 |   6.2
            +---------+---------+-------+---------+---------+-------
